 Dungeon Crawl Stone Soup version 0.21-a0-471-gd587bd5 (webtiles) character file.

58 dududu the Skirmisher (level 4, -1/29 HPs)
             Began as a Kobold Fighter on Nov 21, 2017.
             Slain by a gnoll
             ... wielding a +0 halberd
              (12 damage)
             ... on level 2 of the Dungeon.
             The game lasted 00:03:12 (691 turns).

dududu the Skirmisher (Kobold Fighter)               Turns: 691, Time: 00:03:13

Health: -1/29      AC:  6    Str: 14    XL:     4   Next: 21%
Magic:  4/4        EV:  8    Int:  9    God:
Gold:   78         SH:  9    Dex: 14    Spells: 3/3 levels left

rFire    . . .     SeeInvis .   a - +0 war axe
rCold    . . .     Gourm    .   c - +0 shield
rNeg     . . .     Faith    .   b - +0 scale mail
rPois    .         Spirit   .   (no helmet)
rElec    .         Reflect  .   (no cloak)
rCorr    .         Harm     .   (no gloves)
MR       .....                  (no boots)
Stlth    ..........             (no amulet)
HPRegen  0.09/turn              (no ring)
MPRegen  0.09/turn              (no ring)

@: no status effects
A: carnivore 3
a: no special abilities


You were on level 2 of the Dungeon.
You were very full.

You visited 1 branch of the dungeon, and saw 2 of its levels.

You collected 78 gold pieces.

Inventory:

Hand Weapons
 a - a +0 war axe (weapon)
Missiles
 g - 51 stones (quivered)
Armour
 b - a +0 scale mail (worn)
 c - a +0 shield (worn)
Scrolls
 e - 2 scrolls of teleportation {unknown}
Potions
 d - 2 potions of curing {unknown}
Comestibles
 f - a meat ration


   Skills:
 + Level 3.8 Fighting
 * Level 2.2 Axes
 - Level 2.8 Armour
 + Level 2.8 Shields


You had 3 spell levels left.
You didn't know any spells.

Dungeon Overview and Level Annotations

Branches:
Dungeon (2/15)

Altars:


Innate Abilities, Weirdness & Mutations

You are small and have problems with some larger weapons.
You are carnivorous and can eat meat at any time.


Message History

You see here 10 gold pieces.
You now have 78 gold pieces (gained 10).
The gnoll barely misses you.
You hit the gnoll.
The gnoll is heavily wounded.
The gnoll hits you from afar with a halberd.
You block the gnoll's attack. The gnoll hits you but does no damage.
You block the gnoll's attack.
You hit the gnoll.
The gnoll is severely wounded.
The gnoll completely misses you. You block the gnoll's attack.
Your shield and scale mail prevent you from hitting the gnoll.
The gnoll is severely wounded.
You block the gnoll's attack.
The gnoll hits you from afar with a halberd.
You block the gnoll's attack.
You slash the gnoll!
You kill the gnoll!
The gnoll hits you from afar with a halberd!
You die...

#.#######.
#.........
#..#####..
#..######.#
#..........
##.######..
#.#
#.#######..#
#..@.gg....#
#########....
#


You could see 2 gnolls.

Vanquished Creatures
  A gnoll (D:2)
  An ooze (D:1)
  A worm (D:2)
  2 dart slugs (D:1)
  3 leopard geckos
  A ball python (D:1)
  2 bats (D:1)
  A giant cockroach (D:1)
  3 goblins (D:1)
  5 hobgoblins (D:1)
  3 kobolds
  A quokka (D:2)
  4 frilled lizards (D:1)
  5 rats
33 creatures vanquished.

Notes
Turn   | Place    | Note
-------+----------+-------------------------------------------
     0 | D:1      | dududu the Kobold Fighter began the quest for the Orb.
     0 | D:1      | Reached XP level 1. HP: 14/14 MP: 1/1
    40 | D:1      | Reached XP level 2. HP: 10/19 MP: 2/2
   153 | D:1      | Reached XP level 3. HP: 21/23 MP: 3/3
   654 | D:2      | Reached XP level 4. HP: 19/29 MP: 4/4
   691 | D:2      | Slain by a gnoll

Vault maps used:
D:1:      minmay_arrival_glassed_features
D:2:      tgw_trog, nicolae_dithmenos_shadow_blocks, okawaru_ov_weapons_minmay

Skill      XL: |  1  2  3 |
---------------+----------+-----
Axes           | 2 |  2.2
Fighting       | |  3.8
Armour         | |  2.8
Shields        | |  2.8

Action                   |  1- 3 |  4- 6 || total
-------------------------+-------+-------++-------
Melee: War axe           |    72 |     7 ||    79
  Use: Potion            |     1 |       ||     1
  Eat: Chunk             |     6 |       ||     6
Armor: Scale mail        |    38 |     1 ||    39
Dodge: Dodged            |    28 |     4 ||    32
Block: Shield            |    45 |     7 ||    52

Table legend:
 A = Spawn XP
 B = Non-spawn XP
 C = Spawn XP percentage of total XP
 D = Spawn monster count
 E = Non-spawn monster count
 F = Spawn count percentage of total count
 G = Total turns spent on level
                    A         B        C        D         E        F      G
               +---------+---------+-------+---------+---------+-------+---------
         Total |       0 |      84 |   0.0 |       0 |      33 |   0.0 |   691
               +---------+---------+-------+---------+---------+-------+---------
           D:1 |       0 |      57 |   0.0 |       0 |      27 |   0.0 |   576
           D:2 |       0 |      27 |   0.0 |       0 |       6 |   0.0 |   115
               +---------+---------+-------+---------+---------+-------+---------
